 Dungeon Crawl Stone Soup version 0.29.1-15-g9cfb28693d (webtiles) character file.

Game seed: 2183563204722793124

42 protoss039 the Digger (level 3, -1/26 HPs)
             Began as a Demonspawn Earth Elementalist on Mar 1, 2023.
             Constricted to death by Crazy Yiuf (2 damage)
             ... on level 2 of the Dungeon.
             The game lasted 00:02:33 (1995 turns).

protoss039 the Digger (DsEE)                        Turns: 1995, Time: 00:02:34

Health: -1/26      AC:  3    Str:  8    XL:     3   Next: 35%
Magic:  2/6        EV: 10    Int: 18    God:
Gold:   52         SH:  0    Dex: 13    Spells: 6/7 levels left

rFire   . . .      SeeInvis .   d - +0 short sword
rCold   . . .      Faith    .   (no shield)
rNeg    . . .      Spirit   .   h - +0 leather armour
rPois   .          Reflect  .   (no helmet)
rElec   .          Harm     .   (no cloak)
rCorr   .          Rampage  .   (no gloves)
Will    .....                   (no boots)
Stlth   ++........              (no amulet)
HPRegen 0.08/turn               (no ring)
MPRegen 0.10/turn               (no ring)

@: grasped by roots, very slightly contaminated, constricted
A: repulsion field 1
a: no special abilities


You were on level 2 of the Dungeon.
You visited 1 branch of the dungeon, and saw 2 of its levels.

You collected 107 gold pieces.
You spent 55 gold pieces at shops.

Inventory:

Hand Weapons
 d - a +0 short sword (weapon)
Missiles
 j - 4 atropa-tipped darts
Armour
 a - a +0 robe
 h - a +0 leather armour (worn)
Wands
 o - a wand of polymorph (4)
Scrolls
 e - 3 scrolls of identify
 k - 4 scrolls of teleportation
 l - a scroll of magic mapping {unknown}
 n - a scroll of blinking {unknown}
Potions
 b - a potion of magic
 c - 3 potions of heal wounds {unknown}
 f - a potion of mutation {unknown}
 g - a potion of degeneration {unknown}
 i - a potion of ambrosia {unknown}
 m - a potion of resistance {unknown}


   Skills:
 + Level 1.5 Fighting
 - Level 1.7 Dodging
 - Level 1.7 Stealth
 + Level 2.6 Spellcasting
 - Level 0.8 Transmutations
 + Level 3.2 Earth Magic


You had 6 spell levels left.
You knew the following spells:

 Your Spells              Type           Power      Damage    Failure   Level
a - Sandblast             Erth           26%        2d8       7%          1

Your spell library contained the following spells:

 Spells                   Type           Power      Damage    Failure   Level
 Passwall                 Tmut/Erth      7%         N/A       16%         2
 Stone Arrow              Conj/Erth      16%        3d8       36%         3
 Petrify                  Tmut/Erth      9%         N/A       71%         4


Dungeon Overview and Level Annotations

Branches:
Dungeon (2/15) Zot: 9977

Altars:

Shops:
D:1 ?

Annotations:
D:2 Crazy Yiuf


Innate Abilities, Weirdness & Mutations

You are surrounded by a mild repulsion field. (EV +2)


Message History

Casting: Sandblast (safe; 7% risk of failure)
Confirm with . or Enter, or press ? or * to list all spells.
Aiming: Sandblast (safe; 7% risk of failure)
Press: ? - help, Shift-Dir - straight line, f/p - Crazy Yiuf
Aim: Crazy Yiuf, wielding a +4 quarterstaff of chaos, wearing a +0 cloak and carrying a wand of roots (8) (84% to hit)
The blast of sand hits Crazy Yiuf.
Crazy Yiuf is lightly wounded.
Crazy Yiuf zaps a wand.
The roots erupt in riotous growth!
The grasping roots grab you! The grasping roots constrict you.
Unknown command.
Casting: Sandblast (safe; 7% risk of failure)
Confirm with . or Enter, or press ? or * to list all spells.
Aiming: Sandblast (safe; 7% risk of failure)
Press: ? - help, Shift-Dir - straight line, f/p - Crazy Yiuf
Aim: Crazy Yiuf, wielding a +4 quarterstaff of chaos, wearing a +0 cloak and carrying a wand of roots (7) (lightly wounded, 84% to hit)
The blast of sand misses Crazy Yiuf.
The grasping roots constrict you.
The grasping roots release their grip on you.
Unknown command.
Aiming: Polymorph
Press: ? - help, Shift-Dir - straight line, f/p - Crazy Yiuf
Aim: Crazy Yiuf, wielding a +4 quarterstaff of chaos, wearing a +0 cloak and carrying a wand of roots (7) (lightly wounded, will become a howler monkey, a ball python, or an iguana, chance to affect: 57%)
Okay, then.
Unknown command.
Casting: Sandblast (safe; 7% risk of failure)
Confirm with . or Enter, or press ? or * to list all spells.
Aiming: Sandblast (safe; 7% risk of failure)
Press: ? - help, Shift-Dir - straight line, f/p - Crazy Yiuf
Aim: Crazy Yiuf, wielding a +4 quarterstaff of chaos, wearing a +0 cloak and carrying a wand of roots (7) (lightly wounded, 84% to hit)
The blast of sand hits Crazy Yiuf but does no damage.
Crazy Yiuf is lightly wounded.
Crazy Yiuf hits you with a +4 quarterstaff of chaos!
Ouch! That really hurt!
* * * LOW HITPOINT WARNING * * *
Crazy Yiuf freezes you.
* * * LOW HITPOINT WARNING * * *
Crazy Yiuf zaps a wand.
The roots erupt in riotous growth!
The grasping roots grab you!
Crazy Yiuf is unaffected.
The grasping roots constrict you.
You die...

#. ## #####
#..)# #...#
... #'#
##g# #@##
##.# #.##
#### ##.##
#... #...##
###### #.##
#....#
#....###.##
#....#
####.......
###'..+##
#####.##
#.......#
#.##


You could see Crazy Yiuf.

Vanquished Creatures
  A dart slug (D:1)
  3 bats
  2 endoplasms (D:2)
  A giant cockroach (D:1)
  2 goblins (D:2)
  3 hobgoblins (D:2)
  3 jackals (D:2)
  A quokka (D:1)
  5 ball pythons
  3 frilled lizards
  8 kobolds
  5 rats (D:1)
37 creatures vanquished.

Notes
Turn   | Place    | Note
-------+----------+-------------------------------------------
     0 | D:1      | protoss039 the Demonspawn Earth Elementalist began the
                  | quest for the Orb.
     0 | D:1      | Reached XP level 1. HP: 13/13 MP: 3/3
    32 | D:1      | Found Lomeb's Magic Scroll Shoppe.
   173 | D:1      | Gained mutation: You are surrounded by a mild repulsion
                  | field. (EV +2) [demonic ancestry]
   173 | D:1      | Reached XP level 2. HP: 20/20 MP: 0/5
   300 | D:1      | Found a faded altar of an unknown god.
   430 | D:1      | Reached skill level 1 in Fighting
   516 | D:1      | Reached skill level 3 in Earth Magic
   816 | D:1      | Bought a scroll of teleportation for 33 gold pieces
   816 | D:1      | Bought a scroll of identify for 22 gold pieces
  1018 | D:2      | Found a runed translucent door.
  1019 | D:2      | Noticed Crazy Yiuf
  1264 | D:2      | Reached XP level 3. HP: 26/26 MP: 4/6
  1995 | D:2      | HP: 1/26 [Crazy Yiuf/+4 quarterstaff of chaos (4)]
  1995 | D:2      | Constricted to death by Crazy Yiuf

Illustrated notes

Levels and vault maps discovered:
D:1:      dpeg_arrival_radiant, layout_rooms,
          dreamdust_ecumenical_altar_sealed_demon, serial_shops,
          nicolae_shop_advertising_works [nicolae_subvault_shop_adworks]
D:2:      layout_loops_cross, uniq_crazy_yiuf_cottage

Skill      XL: |  1  2 |
---------------+-------+-----
Fighting       | 1 |  1.5
Earth Magic    | 3 |  3.2
Dodging        | |  1.7
Stealth        | |  1.7
Spellcasting   | |  2.6
Transmutations | |  0.8

Action                   || total
-------------------------++-------
Melee: Unarmed           ||     3
       Short sword       ||    32
 Cast: Sandblast         ||    49
 Stab: Sleeping          ||     1
Armor: Robe              ||     2
       Leather armour    ||     8
Dodge: Dodged            ||    49
